 Dungeon Crawl Stone Soup version 0.31-a0-185-g9dded2c639 (webtiles) character file.

Game seed: 5325963859303664660

111 qw the Skirmisher (level 4, -1/25 HPs)
             Began as a Deep Elf Hunter on June 22, 2023.
             Killed by divine providence
             ... invoked by an orc priest
              (15 damage)
             ... on level 4 of the Dungeon.
             The game lasted 00:00:45 (2172 turns).

qw the Skirmisher (Deep Elf Hunter)                 Turns: 2172, Time: 00:00:46

Health: -1/25      AC:  7    Str: 15    XL:     4   Next: 62%
Magic:  6/6        EV: 12    Int: 13    God:
Gold:   146        SH:  0    Dex: 22    Spells: 3/3 levels left

rFire   . . .        Y - +2 shortbow
rCold   . . .        (shield currently unavailable)
rNeg    . . .        e - +0 ring mail
rPois   .            (no helmet)
rElec   .            j - +0 cloak
rCorr   .            (no gloves)
SInv    .            f - +0 pair of boots
Will    +....        k - amulet of regeneration
Stlth   ++           b - ring of willpower
HPRegen 1.04/turn    h - +6 ring of strength
MPRegen 0.10/turn

%: no passive effects
@: no status effects
A: fangs 1, agile 1, wild magic 1
a: no special abilities


You were on level 4 of the Dungeon.
You visited 1 branch of the dungeon, and saw 4 of its levels.

You collected 146 gold pieces.


Innate Abilities, Weirdness & Mutations

You have very sharp teeth.
You are agile. (Dex +4, Str/Int -1)
Your spells are a little harder to cast, but a little more powerful.


   Skills:
 - Level 1.5 Fighting
 - Level 8.0 Ranged Weapons
 + Level 2.5 Dodging
 - Level 1.2 Stealth


You had 3 spell levels left.
You didn't know any spells.
Your spell library was empty.

Inventory:

Hand Weapons
 Y - a +2 shortbow (weapon)
Armour
 e - a +0 ring mail (worn)
 f - a +0 pair of boots (worn)
 j - a +0 cloak (worn)
Jewellery
 b - a ring of willpower (left hand)
 h - a +6 ring of strength (right hand)
 k - an amulet of regeneration (around neck)
Scrolls
 c - a scroll of identify
Potions
 d - a potion of might {unknown}
 g - a potion of mutation
 i - a potion of attraction {unknown}
 l - a potion of curing {unknown}
 m - a potion of ambrosia {unknown}

Dungeon Overview and Level Annotations

Branches:
Dungeon (4/15)
 Temple: D:4-7

Altars:
Nemelex Xobeh

Shops:
D:2 (   D:3 =


Message History

Items here: % ( )).
Found a dagger.
An orc priest comes into view. It is wielding a +0 mace.
Found 5 stones.
You shoot an arrow. The arrow hits the orc priest.
The orc priest shouts!
The orc priest is lightly wounded.
You hear a shout! x2
An orc comes into view. It is wielding a +0 dagger.
You shoot an arrow. The orc shouts!
The arrow hits the orc.
The orc is heavily wounded.
You hear a shout!
A ball python comes into view.
You shoot an arrow.
The arrow closely misses the ball python.
The arrow completely misses the orc.
The ball python hisses angrily.
A gnoll comes into view. It is wielding a +0 halberd.
2165 ||| Stepping ~*~*~tactically~*~*~ (outnumbered).
A ball python and a gnoll come into view.
The gnoll shouts!
A gnoll comes into view. It is wielding a +0 spear.
2167 ||| Stepping ~*~*~tactically~*~*~ (outnumbered).
You shoot an arrow. The arrow hits the ball python.
The ball python is severely wounded.
You shoot an arrow. The arrow hits the ball python.
You kill the ball python!
You hear a shout! x3
You shoot an arrow. The arrow hits the orc.
You kill the orc!
You shoot an arrow. The arrow barely misses the gnoll.
You shoot an arrow. The arrow hits the orc priest!
The orc priest is severely wounded.
The gnoll hits you from afar with a +0 halberd!
The orc priest mumbles some strange prayers to Beogh against you.
Beogh smites you!
Ouch! That really hurt!
You die...

######## #......#
gg
#......#####..(g
#......#.o).oo..
#......#)#
#.......@###
#.........g.....
###)..?....###..##
#........### #
##.#......#
######..########
........#
.}.##..## _..##.##


You could see an orc priest and a gnoll.

Vanquished Creatures
  3 gnolls (D:4)
  2 adders
  A worm (D:4)
  2 dart slugs (D:2)
  3 orcs
  2 endoplasms
  2 giant cockroaches
  4 goblins
  4 hobgoblins
  4 jackals (D:2)
  3 quokkas (D:1)
  6 ball pythons
  5 bats
  A frilled lizard (D:1)
  7 kobolds
49 creatures vanquished.

Notes
Turn   | Place    | Note
-------+----------+-------------------------------------------
     0 | D:1      | qw the Deep Elf Hunter began the quest for the Orb.
     0 | D:1      | Reached XP level 1. HP: 12/12 MP: 3/3
     0 | D:1      | 0 ||| qw: Version: 0.3-a-9-g12657ce
     0 | D:1      | 0 ||| qw: Game counter: 1777
     0 | D:1      | 0 ||| qw: Always use a shield: true
     0 | D:1      | 0 ||| qw: God list: Okawaru
     0 | D:1      | 0 ||| qw: Allow faded altars: false
     0 | D:1      | 0 ||| qw: Do Orc after D:15 true
     0 | D:1      | 0 ||| qw: Do second Lair branch before Depths: true
     0 | D:1      | 0 ||| qw: Lair rune preference: random
     0 | D:1      | 0 ||| qw: Plans: Normal
     0 | D:1      | 0 ||| PLANNING D:1-11
   160 | D:1      | Reached skill level 6 in Ranged Weapons
   160 | D:1      | Reached XP level 2. HP: 14/16 MP: 4/4
   647 | D:1      | 647 ||| UPGRADING to +0 ring mail.
   657 | D:1      | 657 ||| DROPPING +0 leather armour.
   658 | D:1      | 658 ||| UPGRADING to +0 pair of boots.
   663 | D:1      | 663 ||| UPGRADING to +0 cloak.
   668 | D:1      | 668 ||| READING scroll labelled UBBEOT ULISUSI.
   669 | D:1      | 669 ||| READING scroll labelled VIJOFY DYSTRO.
   670 | D:1      | 670 ||| READING scroll labelled WIJAONIE NOEXKY.
   675 | D:1      | 675 ||| DRINKING 2 purple potions.
   675 | D:1      | Gained mutation: You are dopey. (Int -2) [potion of
                  | mutation]
   675 | D:1      | Gained mutation: You are frail. (-10% HP) [potion of
                  | mutation]
   676 | D:1      | 676 ||| DRINKING potion of mutation.
   676 | D:1      | Lost mutation: You are frail. (-10% HP) [potion of
                  | mutation]
   676 | D:1      | Lost mutation: You are dopey. (Int -2) [potion of mutation]
   676 | D:1      | Gained mutation: Your spells are a little harder to cast,
                  | but a little more powerful. [potion of mutation]
   676 | D:1      | Gained mutation: You have very sharp teeth. [potion of
                  | mutation]
   676 | D:1      | Gained mutation: You are agile. (Dex +4, Str/Int -1)
                  | [potion of mutation]
   685 | D:1      | 685 ||| DROPPING scroll of butterflies.
   714 | D:2      | Reached XP level 3. HP: 20/20 MP: 5/5
   913 | D:2      | Found a faded altar of an unknown god.
  1102 | D:2      | 1102 ||| FLEEEEING.
  1103 | D:2      | 1103 ||| FLEEEEING.
  1104 | D:2      | 1104 ||| FLEEEEING.
  1105 | D:2      | 1105 ||| FLEEEEING.
  1106 | D:2      | 1106 ||| FLEEEEING.
  1144 | D:2      | Found Haocudgha's Antique Weapon Shoppe.
  1191 | D:2      | 1191 ||| DROPPING +6 ring of intelligence.
  1192 | D:2      | 1192 ||| UPGRADING to ring of willpower.
  1193 | D:2      | 1193 ||| DROPPING ring of magical power.
  1194 | D:2      | 1194 ||| READING scroll labelled EPUILIN SASYM.
  1195 | D:2      | 1195 ||| READING scroll labelled ENESOJI UTA.
  1196 | D:2      | 1196 ||| READING scroll labelled USOWNY BEUSARE.
  1198 | D:2      | 1198 ||| Stepping ~*~*~tactically~*~*~ (cloud).
  1201 | D:2      | HP: 5/20 [poisoned by you (poison gas)]
  1205 | D:2      | HP: 2/20 [poisoned by you (poison gas)]
  1309 | D:3      | Reached skill level 7 in Ranged Weapons
  1446 | D:3      | Found Cotewkef's Jewellery Emporium.
  1454 | D:3      | 1454 ||| SHOPLISTING +4 ring of protection (396 gold, have
                  | 125).
  1454 | D:3      | 1454 ||| SHOPLISTING amulet of the acrobat (330 gold, have
                  | 125).
  1454 | D:3      | 1454 ||| SHOPLISTING ring of willpower (275 gold, have
                  | 125).
  1959 | D:3      | 1959 ||| UPGRADING to amulet of regeneration.
  1964 | D:3      | 1964 ||| UPGRADING to +6 ring of strength.
  1965 | D:3      | 1965 ||| READING scroll labelled VYNOAT BOROU.
  1966 | D:3      | 1966 ||| READING 2 scrolls labelled SOOPTOUSYXT.
  2015 | D:4      | 2015 ||| READING scroll of enchant weapon.
  2015 | D:4      | 2015 ||| ENCHANTING +1 shortbow.
  2074 | D:4      | Reached XP level 4. HP: 25/25 MP: 6/6
  2117 | D:4      | Found a sparkling altar of Nemelex Xobeh.
  2143 | D:4      | Reached skill level 8 in Ranged Weapons
  2165 | D:4      | 2165 ||| Stepping ~*~*~tactically~*~*~ (outnumbered).
  2167 | D:4      | 2167 ||| Stepping ~*~*~tactically~*~*~ (outnumbered).
  2172 | D:4      | Killed from afar by an orc priest

Levels and vault maps discovered:
D:1:      lightli_arrival_statuegarden, layout_loops_ring
D:2:      layout_basic, basic_ecumenical_altar, serial_shops, shop, st_stairs_3
D:3:      layout_loops_cross, serial_shops,
          nicolae_shop_temple_entry_statues_fountains, dk_noncrumbling_3
D:4:      kennysheep_the_goblin_king, layout_rooms,
          nemelex_xobeh_ov_fountains_minmay

Skill      XL: |  1  2  3  4 |
---------------+-------------+-----
Ranged Weapons | 6 7 8 |  8.0
Fighting       | |  1.5
Dodging        | |  2.5
Stealth        | |  1.2

Action                     |  1- 3 |  4- 6 || total
---------------------------+-------+-------++-------
   Fire: Shortbow          |   107 |    32 ||   139
    Use: Scroll            |     9 |       ||     9
         Potion            |     2 |       ||     2
 Armour: Leather armour    |     6 |       ||     6
         Ring mail         |    10 |     2 ||    12
  Dodge: Dodged            |    26 |     6 ||    32

Table legend:
 A = Non-vault XP
 B = Vault XP
 C = Vault XP percentage of total XP
 D = Non-vault monster count
 E = Vault monster count
 F = Vault count percentage of total count
                 A         B        C        D         E       F
            +---------+---------+-------+---------+---------+-------
      Total |     158 |       1 |   0.6 |      48 |       1 |   2.0
            +---------+---------+-------+---------+---------+-------
        D:1 |      30 |       0 |   0.0 |      18 |       0 |   0.0
        D:2 |      21 |       1 |   4.5 |       9 |       1 |  10.0
        D:3 |      29 |       0 |   0.0 |       9 |       0 |   0.0
        D:4 |      78 |       0 |   0.0 |      12 |       0 |   0.0
            +---------+---------+-------+---------+---------+-------
